 Dungeon Crawl Stone Soup version 0.23.2-33-g5129a83184 (webtiles) character file.

Game seed: 0

46 Goboxel the Firebug (level 3, 24/24 HPs)
             Began as a Human Fire Elementalist on Feb 25, 2019.
             Quit the game on level 1 of the Dungeon on July 22, 2019.
             The game lasted 00:04:31 (1357 turns).

Goboxel the Firebug (Human Fire Elementalist)       Turns: 1357, Time: 00:04:31

Health: 24/24      AC:  2    Str:  8    XL:     3   Next: 95%
Magic:  6/6        EV: 12    Int: 16    God:
Gold:   25         SH:  0    Dex: 13    Spells: 1/7 levels left

rFire    . . .     SeeInvis .   d - +0 halberd
rCold    . . .     Gourm    .   (shield currently unavailable)
rNeg     . . .     Faith    .   a - +0 robe
rPois    .         Spirit   .   (no helmet)
rElec    .         Reflect  .   (no cloak)
rCorr    .         Harm     .   (no gloves)
MR       .....                  (no boots)
Stlth    ++........             (no amulet)
HPRegen  0.08/turn              (no ring)
MPRegen  0.10/turn              (no ring)

@: no status effects
A: no striking features
a: no special abilities


You were on level 1 of the Dungeon.
You were not hungry.

You visited 1 branch of the dungeon, and saw 2 of its levels.

You collected 25 gold pieces.

Inventory:

Hand Weapons
 d - a +0 halberd (weapon)
Armour
 a - a +0 robe (worn)
Scrolls
 b - a scroll of identify {unknown}
 e - a scroll of remove curse {unknown}
 f - a scroll of teleportation {unknown}
 i - a scroll of random uselessness {unknown}
 j - a scroll of amnesia {unknown}
 m - a scroll of magic mapping {unknown}
Potions
 g - 2 potions of flight {unknown}
 h - a potion of curing {unknown}
 k - a potion of invisibility {unknown}
Comestibles
 c - 6 rations
 l - a chunk of flesh


   Skills:
 - Level 2.0 Dodging
 - Level 2.0 Stealth
 + Level 2.6 Spellcasting
 + Level 2.1 Conjurations
 + Level 3.5 Fire Magic


You had one spell level left.
You knew the following spells:

 Your Spells              Type           Power        Failure   Level  Hunger
a - Flame Tongue          Conj/Fire      ##...        6%          1    #......
b - Throw Flame           Conj/Fire      ##....       9%          2    ##.....
c - Conjure Flame         Conj/Fire      ##......     19%         3    ###....

Your spell library contained the following spells:

 Spells                   Type           Power        Failure   Level  Hunger
 Inner Flame              Hex/Fire       #.......     28%         3    ###....
 Sticky Flame             Conj/Fire      ##......     52%         4    #####..
 Fireball                 Conj/Fire      ##........   86%         5    ######.


Dungeon Overview and Level Annotations

Branches:
Dungeon (2/15)

Altars:


Message History

The adder hisses angrily.
A leopard gecko comes into view.
There is a stone staircase leading up here.
You climb upwards.
There is a stone staircase leading down here.
You start resting.
Eating one of 2 chunks of flesh.
You eat one of the 2 chunks of flesh.
This raw flesh tastes terrible.
HP restored.
Welcome back, Goboxel the Human Fire Elementalist.
Press ? for a list of commands and other information.
You start waiting.
Done waiting.
Welcome back, Goboxel the Human Fire Elementalist.
Press ? for a list of commands and other information.
Unknown command.
Okay, then.
Quiver which item? (- for none, * to show all) (? for menu, Esc to quit)
Okay, then.
Are you sure you want to abandon this character and quit the game? (Confirm with "yes".)

##...............##....
#.....................
##....................
##...........#..###..
####....######......
#######....# ######.
#..........# ##>...
#..........# #.....
#.....@....# #.....
#..>.......# #.....
########.### ##.####
#.# #..#... #.#
##..#<..
#.#######...#...
#...##....#.####
###.##.####..... #..#.#
#.....


There were no monsters in sight!

Vanquished Creatures
  A gnoll (D:1)
  An adder (D:2)
  A worm (D:2)
  2 leopard geckos
  3 bats
  A giant cockroach (D:1)
  2 goblins (D:1)
  5 hobgoblins
  3 kobolds (D:1)
  3 rats (D:1)
22 creatures vanquished.

Notes
Turn   | Place    | Note
-------+----------+-------------------------------------------
     0 | D:1      | Goboxel the Human Fire Elementalist began the quest for the
                  | Orb.
     0 | D:1      | Reached XP level 1. HP: 13/13 MP: 3/3
     5 | D:1      | Upgraded the game from 0.23.0-28-g6fe0f4dc8b to
                  | 0.23.1-37-gaa34b87b72
    68 | D:1      | Reached XP level 2. HP: 14/19 MP: 0/5
    80 | D:1      | Learned a level 2 spell: Throw Flame
   184 | D:1      | Upgraded the game from 0.23.1-37-gaa34b87b72 to
                  | 0.23.2-1-ga50397a6bc
   285 | D:1      | Reached XP level 3. HP: 23/24 MP: 1/6
   860 | D:2      | Learned a level 3 spell: Conjure Flame
  1357 | D:1      | Upgraded the game from 0.23.2-1-ga50397a6bc to
                  | 0.23.2-33-g5129a83184
  1357 | D:1      | Quit the game

Skill      XL: |  1  2  3 |
---------------+----------+-----
Conjurations   | 2 |  2.1
Dodging        | |  2.0
Stealth        | |  2.0
Spellcasting   | |  2.6
Fire Magic     | |  3.5

Action                   || total
-------------------------++-------
Melee: Halberd           ||    23
 Cast: Flame Tongue      ||    42
 Stab: Sleeping          ||     1
  Eat: Chunk             ||     2
Armor: Robe              ||    11
Dodge: Dodged            ||    38
